AoeStats
← Covid19

Arena

504722925Analyzed
1v1 RM · 26d ago on Sep 6, 2026· 29m 18s· 2 players
Game mode
Random Map
Map size
Tiny (2 player)
Population
200
Speed
Normal
Resources
Standard
Victory
Conquest
Starting age
Dark Age
Ending age
Imperial Age
RankedLock teamsTeams togetherTeam positionsShared explorationLock speedFull tech treeHidden civsTurbo modeCheats
Victory
Defeat
🇨🇴 Malians · Colombia
1163
+17
🇩🇪 Portuguese · Germany
1177
-17
Islands Map Lover
10:50 Feudal Age
10:08 Loom
14:58 Castle Age
14:59 Double-Bit Axe
17:52 Forging
17:44 Squires
22:13 Arson
25:21 Scale Mail Armor
27:16 Horse Collar
28:16 Wheelbarrow
Covid19
10:08 Feudal Age
13:46 Castle Age
19:53 Double-Bit Axe
31:49 Imperial Age
Connection lost

Rejoining the realm…

Still unreachable

The connection could not be restored.

Session expired

The server has moved on; the page needs a fresh start.